[Event "Schachfestival GM 2018"]
[Site "Lueneburg"]
[Date "2018.07.09"]
[Round "5"]
[White "Malakhatko, Vadim"]
[Black "Drozdowski, Kacper"]
[Result "1/2-1/2"]
[ECO "E91"]
[WhiteElo "2499"]
[BlackElo "2455"]
[Annotator "ChessBase"]
[PlyCount "189"]
[EventDate "2018.07.05"]
[EventType "tourn"]
[EventCountry "GER"]
[SourceTitle "playchess.com"]
[Source "ChessBase"]
[SourceQuality "1"]
[TimeControl "40/5400+30:1800+30"]

1. c4 Nf6 2. Nf3 g6 3. Nc3 Bg7 4. e4 O-O 5. d4 d6 6. Be2 Bg4 7. Be3 Nfd7 8. Rc1 e5 9. d5 a5 10. O-O Na6 11. b3 Ndc5 12. Nd2 Bd7 13. a3 f5 14. f3 Qh4 15. Bf2 Qe7 16. Rb1 Bh6 17. b4 axb4 18. axb4 Na4 19. Qc2 Nxc3 20. Qxc3 Nb8 21. c5 Ra2 22. Rb2 Rxb2 23. Qxb2 fxe4 24. fxe4 Bc8 25. Nc4 Nd7 26. Bg4 Nf6 27. Bxc8 Rxc8 28. Qe2 Nh5 29. Qg4 Rf8 30. cxd6 cxd6 31. Qe6+ Qxe6 32. dxe6 Nf4 33. e7 Re8 34. Bh4 g5 35. Nxd6 Rxe7 36. Nf5 Re6 37. Nxh6+ Rxh6 38. Bxg5 Ne2+ 39. Kf2 Rxh2 40. Bf6 Nf4 41. Bxe5 Nd3+ 42. Kg3 Rh6 43. Bc3 Rc6 44. Bd2 Rg6+ 45. Kh3 Re6 46. Rf3 Ne5 47. Rc3 Kf7 48. Rc7+ Re7 49. Rxe7+ Kxe7 50. Bc3 Nf7 51. Kg4 Ke6 52. Kf4 Nd6 53. Be1 Nf7 54. Ke3 Ne5 55. Kd4 Nd7 56. Bg3 Nf6 57. Bc7 Nd7 58. Ke3 Nf6 59. Kf4 Nh5+ 60. Kg5 Nf6 61. Kf4 Nh5+ 62. Ke3 Nf6 63. Kf3 Ne8 64. Bd8 Nd6 65. Ke3 Nc4+ 66. Kd4 Ne5 67. Bc7 Nd7 68. g3 Nf6 69. Ke3 Ne8 70. Bb8 Nf6 71. Kf3 Nd7 72. Bc7 Nf6 73. g4 Nd7 74. Kf4 Nf6 75. Bb6 h5 76. g5 Nd7 77. Bd4 Nf8 78. Ba7 Ng6+ 79. Ke3 Ne5 80. Bd4 Ng6 81. Bc3 Kd6 82. Be1 Ke5 83. Bg3+ Ke6 84. Kd4 h4 85. Bh2 h3 86. Ke3 b5 87. Bg3 Ne7 88. Kd4 Nc6+ 89. Kc5 Ne5 90. Kxb5 Nf3 91. Kc6 Nxg5 92. b5 Nxe4 93. Bf4 Nd2 94. b6 Nc4 95. b7 {[%emt 0:00:04] Ke5} 1/2-1/2

[Event "Schachfestival GM 2018"]
[Site "Lueneburg"]
[Date "2018.07.09"]
[Round "5"]
[White "Karpatchev, Aleksandr"]
[Black "Winterberg, Lukas"]
[Result "1/2-1/2"]
[ECO "C47"]
[WhiteElo "2469"]
[BlackElo "2372"]
[Annotator "ChessBase"]
[PlyCount "228"]
[EventDate "2018.07.05"]
[EventType "tourn"]
[EventCountry "GER"]
[SourceTitle "playchess.com"]
[Source "ChessBase"]
[SourceQuality "1"]
[TimeControl "40/5400+30:1800+30"]

1. e4 e5 2. Nf3 Nf6 3. Nc3 Nc6 4. d4 exd4 5. Nxd4 Bb4 6. Nxc6 bxc6 7. Bd3 O-O 8. O-O d5 9. exd5 Bg4 10. f3 Bh5 11. Bg5 Bxc3 12. bxc3 cxd5 13. c4 dxc4 14. Bxc4 Qe7 15. Qd4 Rfd8 16. Qf2 Qe5 17. Be3 Qc3 18. Bb3 a5 19. a4 Rd7 20. Rad1 Rad8 21. Rxd7 Rxd7 22. Qe1 Qxe1 23. Rxe1 h6 24. Re2 Bg6 25. Bd2 c5 26. Bxa5 c4 27. Bxc4 Ra7 28. Be1 Rxa4 29. Bb3 Ra8 30. Kf2 Nd7 31. Bb4 Rb8 32. Bd6 Rc8 33. Re7 Nc5 34. Bxc5 Rxc5 35. Re8+ Kh7 36. Re2 Bf5 37. g4 Bg6 38. Ke1 f5 39. Kd2 fxg4 40. fxg4 h5 41. gxh5 Bxh5 42. Rf2 Kh6 43. c4 Kg5 44. Kc3 Rf5 45. Rg2+ Kf6 46. Kb4 Bf7 47. Ba2 Rf1 48. c5 Be8 49. Ka5 Bc6 50. Rd2 Ke5 51. Kb6 Be4 52. Kc7 Rc1 53. Kb6 Rf1 54. Bc4 Rf6+ 55. Ka5 Rg6 56. Bb5 Rg2 57. Rd7 Rxh2 58. Rxg7 Rh6 59. Rd7 Rf6 60. Rd8 Bd5 61. Rh8 Kd4 62. Kb4 Ke5 63. Rh5+ Rf5 64. Rh2 Rf6 65. Re2+ Kd4 66. Rc2 Rf4 67. Ka5 Ke5 68. Kb6 Rf6+ 69. c6 Bxc6 70. Bxc6 Kd4 71. Rd2+ Kc4 72. Rh2 Kd4 73. Rh4+ Ke5 74. Kc5 Rf4 75. Rh8 Rf6 76. Bd5 Ra6 77. Re8+ Kf4 78. Kd4 Ra4+ 79. Bc4 Ra5 80. Re1 Ra4 81. Rf1+ Kg5 82. Rf8 Kg4 83. Kd3 Kg5 84. Bd5 Rb4 85. Ke3 Ra4 86. Be4 Rb4 87. Rf5+ Kg4 88. Rf6 Rb5 89. Rg6+ Rg5 90. Ra6 Rb5 91. Rd6 Ra5 92. Re6 Rb5 93. Bd3 Ra5 94. Rg6+ Rg5 95. Ra6 Re5+ 96. Kd4 Re7 97. Be4 Kf4 98. Rf6+ Kg5 99. Rf5+ Kg6 100. Ke3 Kg7 101. Ra5 Kf6 102. Rf5+ Ke6 103. Ra5 Kf6 104. Kf4 Re6 105. Ra7 Re7 106. Ra1 Ke6 107. Ra6+ Kd7 108. Ke3 Re5 109. Kd4 Rg5 110. Bd5 Ke7 111. Re6+ Kf8 112. Rf6+ Ke7 113. Rf1 Kd6 114. Be4 Ra5 1/2-1/2

[Event "Schachfestival GM 2018"]
[Site "Lueneburg"]
[Date "2018.07.09"]
[Round "5"]
[White "Reuker, Jari"]
[Black "Vorobiov, Evgeny E"]
[Result "1/2-1/2"]
[ECO "D27"]
[WhiteElo "2377"]
[BlackElo "2564"]
[Annotator "ChessBase"]
[PlyCount "54"]
[EventDate "2018.07.05"]
[EventType "tourn"]
[EventCountry "GER"]
[SourceTitle "playchess.com"]
[Source "ChessBase"]
[SourceQuality "1"]
[TimeControl "40/5400+30:1800+30"]

1. Nf3 d5 2. c4 dxc4 3. e3 Nf6 4. Bxc4 e6 5. O-O c5 6. d4 a6 7. dxc5 Qxd1 8. Rxd1 Bxc5 9. Be2 b6 10. b3 Nbd7 11. Bb2 Bb7 12. Nbd2 O-O 13. Nc4 Rfd8 14. Ne1 b5 15. Ne5 Nxe5 16. Bxe5 Kf8 17. Bxf6 gxf6 18. Bf3 Bxf3 19. Nxf3 Ba3 20. Kf1 Rxd1+ 21. Rxd1 Rc8 22. Ke2 Ke7 23. Ne1 Bb4 24. Rd4 Bc3 25. Rd1 Bb4 26. Rd4 Bc3 27. Rd1 Bb4 1/2-1/2

[Event "Schachfestival GM 2018"]
[Site "Lueneburg"]
[Date "2018.07.09"]
[Round "5"]
[White "Wachinger, Nikolas"]
[Black "Barath, Madhan"]
[Result "1-0"]
[ECO "B90"]
[WhiteElo "2340"]
[BlackElo "2321"]
[Annotator "NA"]
[PlyCount "77"]
[EventDate "2018.07.05"]
[EventType "tourn"]
[EventCountry "GER"]
[SourceTitle "playchess.com"]
[Source "ChessBase"]
[SourceQuality "1"]
[TimeControl "40/5400+30:1800+30"]

1. e4 c5 2. Nf3 d6 3. d4 cxd4 4. Nxd4 Nf6 5. Nc3 a6 6. Be3 e5 7. Nb3 Be7 8. h3 {[%emt 0:00:12] B90: Sicilian Najdorf: Unusual White 6th moves, 6 Be3 Ng4 and 6 Be3 e5} (8. f3 h5 9. Qd2 Be6 10. f4 Qc7 11. f5 Bc4 12. Bg5 Nbd7 13. O-O-O Rc8 14. Bxc4 Qxc4 15. Kb1 h4 16. Qe1 Rh5 17. Bxh4 Nxe4 18. Nxe4 Rxh4 {1-0 (50) Wang,H (2710)-Zhao,J (2611) Tianjin 2018}) 8... Be6 9. f4 exf4 10. Bxf4 Nc6 11. Qe2 Nd7 12. O-O-O Nde5 13. Nd5 O-O 14. Kb1 b5 15. Qd2 Re8 16. Be2 Bf8 17. g4 $146 ({Predecessor:} 17. Rhe1 Rc8 18. Bg5 f6 {½-½ (32) Zarnescu,M (2306)-Matei,C (2542) ICCF email 2008}) 17... Rb8 18. g5 a5 19. h4 a4 20. Nd4 $15 Bxd5 21. exd5 Nxd4 22. Qxd4 g6 23. Bc1 Qa5 24. h5 Bg7 25. Rh3 Nc4 26. Qf2 Qb4 27. hxg6 hxg6 28. a3 Qa5 29. Rh7 Qd8 30. Rdh1 Qe7 31. Bxc4 bxc4 32. Rxg7+ Kxg7 33. Be3 Rg8 34. Bd4+ Kf8 35. Qh4 Qe2 36. Re1 Qh5 37. Qf4 Rd8 38. Bf6 Rd7 39. Qe4 1-0

[Event "Schachfestival GM 2018"]
[Site "Lueneburg"]
[Date "2018.07.09"]
[Round "5"]
[White "Ewert, Hannes"]
[Black "Lubbe, Nikolas"]
[Result "0-1"]
[ECO "E18"]
[WhiteElo "2318"]
[BlackElo "2463"]
[Annotator "ChessBase"]
[PlyCount "72"]
[EventDate "2018.07.05"]
[EventType "tourn"]
[EventCountry "GER"]
[SourceTitle "playchess.com"]
[Source "ChessBase"]
[SourceQuality "1"]
[TimeControl "40/5400+30:1800+30"]

1. Nf3 Nf6 2. c4 e6 3. g3 b6 4. Bg2 Bb7 5. O-O Be7 6. d4 d5 7. Nc3 O-O 8. Ne5 Qc8 9. cxd5 Nxd5 10. Nxd5 exd5 11. Be3 Bd6 12. Nd3 Nd7 13. Rc1 Nf6 14. Bf4 Bxf4 15. Nxf4 Re8 16. Qb3 Qd8 17. Rc2 Re7 18. Rfc1 a5 19. e3 a4 20. Qb4 h6 21. Nd3 Ra7 22. Rc3 Bc8 23. Ra3 Bd7 24. b3 Qe8 25. Ne5 Bb5 26. Bf1 Bxf1 27. Kxf1 Re6 28. Rxa4 c5 29. Qa3 Qb5+ 30. Kg1 Rxa4 31. Qxa4 Qe2 32. b4 c4 33. Qc2 Qh5 34. a4 Ne4 35. Qd1 Qf5 36. Qf3 Rxe5 0-1